 Dungeon Crawl Stone Soup version 0.14-a0-1192-g192f278 (webtiles) character file.

307 PolkaDot the Ruinous (level 5, -7/35 HPs)
             Began as a Vampire Conjurer on Nov 30, 2013.
             Killed by divine providence
             ... invoked by an orc priest
              (8 damage)
             ... on Level 3 of the Dungeon.
             The game lasted 00:07:58 (3637 turns).

PolkaDot the Ruinous (Vampire Conjurer)             Turns: 3637, Time: 00:07:58

HP  -7/35        AC  2     Str  7      XL: 5   Next: 82%
MP   0/9         EV 14     Int 18      God:
Gold 65          SH  0     Dex 14      Spells:  2 memorised,  3 levels left

rFire  . . .     SeeInvis +     m - +2,+1 long sword (elec)
rCold  . . .     Clarity  .     a - +0 robe
rNeg   + . .     Conserve .     (no shield)
rPois  +         rCorr    .     (no helmet)
rElec  +         rRot     .     (no cloak)
SustAb . .       Spirit   .     (no gloves)
rMut   .         Warding  .     (no boots)
Saprov . . .     Stasis   .     (no amulet)
                                d - +2 ring of evasion
                                l - ring of poison resistance

@: slightly resistant to hostile enchantments, stealthy
A: fangs 3, see invisible, electricity resistance, unbreathing
a: Bat Form


You were on level 3 of the Dungeon.
You were not thirsty.

You visited 1 branch of the dungeon, and saw 3 of its levels.

You collected 65 gold pieces.

Inventory:

Hand weapons
 f - a +1,+1 dagger
 m - a +2,+1 long sword of electrocution (weapon)
Armour
 a - a +0 robe (worn)
Scrolls
 b - 2 scrolls of identify {unknown}
 e - a scroll of curse jewellery {unknown}
 h - 3 scrolls of remove curse {unknown}
 i - a scroll of amnesia {unknown}
 n - a scroll of enchant weapon I {unknown}
Jewellery
 d - a +2 ring of evasion (right hand)
 l - a ring of poison resistance (left hand)
Books
 c - a book of Conjurations

   Spells                             Type                      Level
   *Magic Dart                        Conjuration                  1
   *Searing Ray                       Conjuration                  2
   Dazzling Spray                     Conjuration/Hexes            3
   Iskenderun's Mystic Blast          Conjuration                  4
   Iskenderun's Battlesphere          Conjuration/Charms           4
   Fulminant Prism                    Conjuration/Hexes            5


   Skills:
 - Level 2.1 Dodging
 - Level 3.0 Stealth
 - Level 1.0 Spellcasting
 * Level 5.4 Conjurations


You had 3 spell levels left.
You knew the following spells:

 Your Spells              Type           Power        Failure   Level  Hunger
a - Magic Dart            Conj           ###.         1%          1    ##.....
s - Searing Ray           Conj           ###...       3%          2    ###....


Dungeon Overview and Level Annotations

Branches:
Dungeon (3/16)

Altars:
Okawaru

Annotations:
D:3 Terence


Innate Abilities, Weirdness & Mutations

You have razor-sharp teeth.*
You have supernaturally acute eyesight.
You can survive without breathing.*
You are resistant to electric shocks.*+


Message History

* * * LOW HITPOINT WARNING * * *
The worker ant bites you but does no damage.
Casting: Searing Ray
Confirm with . or Enter, or press ? or * to list all spells.
Aiming: Searing Ray
Press: ? - help, Shift-Dir - straight line, f/p - worker ant
Aim: a worker ant (almost dead)
The searing ray misses the worker ant.
The searing ray hits the orc priest.
The orc priest is moderately wounded.
The orc priest picks up a club.
The orc priest wields a club.
The worker ant closely misses you.
The searing ray hits the worker ant.
You kill the worker ant!
The orc priest becomes somewhat translucent.
The searing ray hits the orc priest.
The orc priest is almost dead.
* * * LOW MAGIC WARNING * * *
The orc priest invokes the aid of Beogh against you.
Something smites you!
You die...

#............# #<.......
#..)......<..# #.........
##............# #.o.[.....
..............# #o........
.#............# #..........
#............# #..........
#............### #..........
#....).........####....!.....
#...o........#.@.oo.........
#...%........######.........
####.######### #..(......
#.o@.o# ##+###### ######'##
#.%..@..# #....<..# #########
#.......# ######.......#
#.......# #....#.#####.#


You could see an orc priest and an orc.

Vanquished Creatures
  2 orc priests (D:3)
  A worker ant (D:3)
  Jessica (D:2)
  5 adders
  3 worms
  An ooze (D:1)
  6 orcs
  9 bats
  6 giant cockroaches
  7 hobgoblins
  3 jackals (D:3)
  5 kobolds
  2 ball pythons (D:2)
  4 giant geckos
  5 giant newts
  9 goblins
  6 rats
75 creatures vanquished.

Notes
Turn   | Place    | Note
--------------------------------------------------------------
     0 | D:1      | PolkaDot, the Vampire Conjurer, began the quest for the Orb.
     0 | D:1      | Reached XP level 1. HP: 13/13 MP: 4/4
   379 | D:1      | Reached XP level 2. HP: 8/19 MP: 0/5
  1145 | D:2      | Reached XP level 3. HP: 16/24 MP: 0/6
  1155 | D:2      | Reached skill level 4 in Conjurations
  1420 | D:2      | Learned a level 2 spell: Searing Ray
  1970 | D:2      | Reached XP level 4. HP: 30/30 MP: 8/8
  2534 | D:2      | Noticed Jessica
  2541 | D:2      | Killed Jessica
  2577 | D:2      | Found an iron altar of Okawaru.
  2845 | D:3      | Reached XP level 5. HP: 19/35 MP: 5/9
  3049 | D:3      | Reached skill level 5 in Conjurations
  3329 | D:3      | Noticed Terence
  3339 | D:3      | Gained mutation: You are resistant to electric shocks. [potion of beneficial mutation]
  3634 | D:3      | HP: 1/35 [worker ant (3)]
  3637 | D:3      | Killed from afar by an orc priest

Action                   |  1- 3 |  4- 6 || total
-------------------------+-------+-------++-------
Melee: Unarmed           |    18 |       ||    18
       Dagger            |    45 |   116 ||   161
       Long sword        |       |    14 ||    14
 Cast: Magic Dart        |    41 |     9 ||    50
       Searing Ray       |     3 |    12 ||    15
  Use: Potion            |     1 |     4 ||     5
       Scroll            |     1 |       ||     1
 Stab: Sleeping          |     4 |     4 ||     8
